 Dungeon Crawl Stone Soup version 0.30.0-29-ga12c61a403 (webtiles) character file.

Game seed: 4621221287783805907

7417 shadowmeld the Thaumaturge (level 11, 0/78 HPs)
             Began as a Djinni Fire Elementalist on June 16, 2023.
             Was a Believer of Ashenzari.
             Slain by a yak (14 damage)
             ... on level 8 of the Dungeon.
             The game lasted 00:53:25 (6276 turns).

shadowmeld the Thaumaturge (DjFE)                   Turns: 6276, Time: 00:53:28

Health: 0/78       AC:  8    Str: 12    XL:     11   Next: 36%
Gold:   465        EV: 12    Int: 33    God:    Ashenzari [**....] SH: 14 Dex: 11

rFire   + + .        o - +2 hand axe "Ziruw" {holy, Int+5}
rCold   . . .        K - +3 tower shield {reflect}
rNeg    . . .        H - +3 leather armour of Plog {Contam Rampage Stlth+}
rPois   ∞            x - +0 helmet of Ashenzari's Omission {Fort, Range} (curse)
rElec   .            p - +0 cloak "Ordeal of Ashenzari" {Melee, Self} (curse)
rCorr   .            (no gloves)
SInv    +            (boots unavailable)
Will    +....        i - amulet of regeneration
Stlth   +++          d - ring of Ashenzari's Augurer {Int+6, Fort, Cun} (curse)
HPRegen 1.13/turn    y - ring of Tiunk {rC+ EV+5 Str+5 Dex-2}
MPRegen 0.00/turn

%: reflection, rampage, infuse magic (-1 HP)
@: flying
A: sickness immunity, fire resistance 2, cold vulnerability 1, float, innate
caster, HP casting, extra vitality 1
a: Renounce Religion, Shatter the Chains


You were on level 8 of the Dungeon.
You worshipped Ashenzari.
Ashenzari was pleased with you.
You visited 2 branches of the dungeon, and saw 9 of its levels.
You also visited: Bailey.

You collected 465 gold pieces.

Inventory:

Hand Weapons
 o - the +2 hand axe "Ziruw" (weapon) {holy, Int+5}
   (You found it on level 7 of the Dungeon)

   Int:       It affects your intelligence (+5).
 J - a +4 spear of freezing
Armour
 k - a +0 plate armour of cold resistance
 p - the cursed +0 cloak "Ordeal of Ashenzari" (worn) {Melee, Self}
   (You found it on level 4 of the Dungeon)

   It has a curse which improves the following skills: Melee Combat: Short
   Blades, Long Blades, Axes, Maces & Flails, Polearms, Staves and Unarmed
   Combat.
   Introspection: Fighting and Spellcasting.
 x - the cursed +0 helmet of Ashenzari's Omission (worn) {Fort, Range}
   (You found it on level 5 of the Dungeon)

   It has a curse which improves the following skills: Fortitude: Armour and
   Shields.
   Ranged Combat: Ranged Weapons and Throwing.
 H - the +3 leather armour of Plog (worn) {Contam Rampage Stlth+}
   (You found it on level 6 of the Dungeon)

   Contam:    It causes magical contamination when unequipped.
   Rampage:   It bestows one free step when moving towards enemies.
   Stlth:     It makes you more stealthy.
 K - a +3 tower shield of reflection (worn)
Jewellery
 d - the cursed ring of Ashenzari's Augurer (left hand) {Int+6, Fort, Cun}
   (You found it on level 2 of the Dungeon)

   [ring of intelligence]

   Int:       It affects your intelligence (+6).
   It has a curse which improves the following skills: Fortitude: Armour and
   Shields.
   Cunning:   Dodging and Stealth.
 i - an amulet of regeneration (around neck)
 j - an amulet of the acrobat
 v - a ring of fire
 y - the ring of Tiunk (right hand) {rC+ EV+5 Str+5 Dex-2}
   (You acquired it on level 8 of the Dungeon)

   [ring of evasion]

   EV:        It affects your evasion (+5).
   Str:       It affects your strength (+5).
   Dex:       It affects your dexterity (-2).
   rC:        It protects you from cold.
 z - a ring of see invisible
Wands
 m - a wand of digging (2)
 n - a wand of polymorph (3)
 t - a wand of paralysis (5)
 w - a wand of flame (15)
 E - a wand of light (9)
 G - a wand of roots (18)
Scrolls
 a - a scroll of magic mapping
 e - 2 scrolls of poison
 g - a scroll of teleportation
 h - a scroll of fog
 q - 3 scrolls of fear
 r - a scroll of enchant weapon
 s - a scroll of silence
 u - 2 scrolls of butterflies
 B - a scroll of immolation
 F - a scroll of blinking
Potions
 b - 2 potions of curing
 f - a potion of brilliance
 l - 2 potions of berserk rage
 A - a potion of cancellation


   Skills:
 * Level 5.7(6.8) Fighting
 + Level 2.0(3.3) Armour
 + Level 2.8(3.8) Dodging
 - Level 1.5(2.4) Stealth
 + Level 1.3(2.4) Shields
 * Level 12.1(13.2) Spellcasting


You knew the following spells:

 Your Spells              Type           Power      Damage    Failure   Level
a - Foxfire               Conj/Fire      100%       2x1d9     1%          1
b - Scorch                Fire           100%       2d9       1%          2
c - Volatile Blastmotes   Fire/Tloc      100%       2d18      1%          3
d - Inner Flame           Hex/Fire       83%        N/A       1%          3
e - Flame Wave            Conj/Fire      83%        2d18      2%          4
f - Kiss of Death         Conj/Necr      100%       2d13      1%          1
g - Searing Ray           Conj           100%       2d8       1%          2
h - Vhi's Electric Charg  Tloc/Air       100%       N/A       1%          3
i - Sticky Flame          Conj/Fire      83%        2d9       2%          4
j - Yara's Violent Unrav  Hex/Tmut       41%        3d16      7%          5
Your spell library was empty.

Dungeon Overview and Level Annotations

Branches:
Dungeon (8/15)             Temple (1/1) D:4          Bailey (visited)
   Lair: D:8-11

Altars:
Ashenzari
Cheibriados
Elyvilon
Gozag
Hepliaklqana
Makhleb
Nemelex Xobeh
Okawaru
Qazlal
Ru
Trog
Uskayaw
Xom
Yredelemnul
Zin

Shops:
D:6 (


Innate Abilities, Weirdness & Mutations

You are immune to sickness and miasma.
You are immune to poison.
Your flesh is very heat resistant. (rF++)
You are vulnerable to cold. (rC-)
You float through the air rather than walking.
You learn spells naturally, not from books.
Your magical power is your life essence.
You have superior vitality. (+4 MHP)


Message History

Casting: Scorch (safe; 1% risk of failure)
Press: ? - help, Q - select action, (/) - cycle Dir - look around, f - activate Flames lash the yak.
The yak is burned terribly!
The yak is almost dead.
The yak is no longer more vulnerable to fire.
The yak closely misses you. The yak gores you. x2
Casting: Scorch (safe; 1% risk of failure)
Press: ? - help, Q - select action, (/) - cycle Dir - look around, f - activate Flames lash the yak.
The yak is moderately wounded.
The yak's fire resistance burns away.
You block the yak's attack. The yak gores you! The yak misses you.
Casting: Scorch (safe; 1% risk of failure)
Press: ? - help, Q - select action, (/) - cycle Dir - look around, f - activate Flames lash the yak.
The yak is burned terribly!
The yak is moderately wounded.
The yak gores you. The yak gores you!
* * * LOW HITPOINT WARNING * * *
The yak gores you!
* * * LOW HITPOINT WARNING * * *
There is an open door here.
Casting: Scorch (safe; 1% risk of failure)
Press: ? - help, Q - select action, (/) - cycle Dir - look around, f - activate Flames lash the yak.
The yak is burned terribly!
You kill the yak!
* * * LOW HITPOINT WARNING * * *
The yak snorts and paws the ground.
Casting: Scorch (safe; 1% risk of failure)
Press: ? - help, Q - select action, (/) - cycle Dir - look around, f - activate Flames lash the yak.
The yak is burned terribly!
You kill the yak!
* * * LOW HITPOINT WARNING * * *
The yak gores you but does no damage.
Casting: Scorch (safe; 1% risk of failure)
Press: ? - help, Q - select action, (/) - cycle Dir - look around, f - activate Flames lash the yak.
The yak is burned terribly!
The yak is heavily wounded.
* * * LOW HITPOINT WARNING * * *
The yak gores you!
You die...

.......#.......#.......#.......##
.......+.......####'####......)).
.......#.......#.......#.......#.
#......#......##.......##......##
+......#......+.........+......#
##...#####...##.........##[..###
.#+# #+#.#...........#.#+# ,
#####.......#### .# ,,* #@#...#+#
##.# #Y#####.####..#
+..............<.# , ,
####.#...........# , ,
#.#..#######..# * * * #.# .# #..#
* , #.#,.# #..#### #..
.#######.>.... #..,..........#...


You could see a yak (combustible).

Vanquished Creatures
  Pikel (D:8)
  3 orc knights (Bailey)
  Joseph (D:7)
  An unseen horror zombie (D:8)
  Sigmund (D:4)
  4 yaks (D:8)
  The ghost of GimliDwarf the Magician, an amateur GnWn (D:3)
  The ghost of FiveSecondFilms the Sneak, an amateur DrEn of Ru (D:4)
  Edmund (D:4)
  A black bear (D:6)
  A hornet zombie (D:8)
  4 orc warriors (Bailey)
  2 ice beasts
  An ogre (D:5)
  4 lemures (D:8)
  3 phantoms
  2 kobold brigands
  3 bullfrogs
  3 necrophages (D:8)
  6 gnoll sergeants (D:7)
  4 scorpions
  A wyvern zombie (D:8)
  8 wights
  4 killer bees (D:6)
  3 centaur zombies (D:8)
  A human zombie (D:8)
  3 orc priests
  2 hounds
  2 jellies
  2 gnoll boudas (D:7)
  Ijyb (D:5)
  Terence (D:3)
  4 sleepcaps
  2 iguanas (D:6)
  5 orc wizards
  A scorpion simulacrum (D:4)
  10 gnolls
  6 adders
  3 hound simulacra (D:4)
  A shadow imp (D:6)
  2 white imps
  A howler monkey simulacrum (D:4)
  3 ufetubi
  2 worms
  An adder simulacrum (D:4)
  51 orcs
  7 bats
  10 endoplasms
  2 giant cockroaches (D:4)
  10 goblins
  3 hobgoblins
  9 quokkas
  3 training dummies (D:6)
  5 ball pythons
  2 frilled lizards
  17 kobolds
  3 rats
239 creatures vanquished.

Vanquished Creatures (collateral kills)
  3 foxfires (D:1)
3 creatures vanquished.

Vanquished Creatures (others)
  55 foxfires (D:1)
55 creatures vanquished.

Grand Total: 297 creatures vanquished

Notes
Turn   | Place    | Note
-------+----------+-------------------------------------------
     0 | D:1      | shadowmeld the Djinni Fire Elementalist began the quest for
                  | the Orb.
     0 | D:1      | shadowmeld set off with the following spells memorised:
                  | Foxfire, Scorch, Volatile Blastmotes, Inner Flame, Flame
                  | Wave.
     0 | D:1      | Reached XP level 1. HP: 15/15 MP: 0/0
   258 | D:1      | Reached XP level 2. HP: 19/21 MP: 0/0
   399 | D:1      | Reached skill level 3 in Spellcasting
   478 | D:1      | Reached XP level 3. HP: 23/26 MP: 0/0
   478 | D:1      | Learned a level 1 spell: Kiss of Death
  1512 | D:3      | Reached XP level 4. HP: 19/31 MP: 0/0
  1731 | D:3      | Noticed Terence
  1741 | D:3      | Killed Terence
  1742 | D:3      | Reached skill level 1 in Fighting
  1761 | D:3      | Reached skill level 4 in Spellcasting
  1761 | D:3      | Reached XP level 5. HP: 18/37 MP: 0/0
  1761 | D:3      | Learned a level 2 spell: Searing Ray
  2022 | D:3      | Found a runed translucent door.
  2023 | D:3      | Noticed GimliDwarf's ghost (amateur GnWn)
  2032 | D:3      | Reached XP level 6. HP: 28/42 MP: 0/0
  2036 | D:3      | Killed GimliDwarf's ghost
  2037 | D:3      | Reached skill level 5 in Spellcasting
  2271 | D:4      | Reached XP level 7. HP: 33/48 MP: 0/0
  2271 | D:4      | Learned a level 3 spell: Vhi's Electric Charge
  2273 | D:4      | Identified the +0 ring mail "Yfaidghyk" {Fly rPois Int-3}
  2292 | D:4      | Noticed FiveSecondFilms's ghost (amateur DrEn)
  2322 | D:4      | Found a runed translucent gate.
  2322 | D:4      | Found a runed translucent gate.
  2322 | D:4      | Found a runed translucent gate.
  2481 | D:4      | Found a staircase to the Ecumenical Temple.
  2495 | Temple   | Entered the Ecumenical Temple
  2626 | D:4      | Noticed Edmund
  2634 | D:4      | Killed Edmund
  2638 | D:4      | Reached skill level 6 in Spellcasting
  2692 | D:4      | Noticed Sigmund
  2699 | D:4      | Killed Sigmund
  2700 | D:4      | Reached XP level 8. HP: 28/54 MP: 0/0
  2755 | D:4      | Found a shimmering altar of Xom.
  2920 | D:4      | Killed FiveSecondFilms's ghost
  2921 | D:4      | Reached skill level 7 in Spellcasting
  3017 | D:5      | Entered Level 5 of the Dungeon
  3036 | D:5      | Noticed Ijyb
  3042 | D:5      | Killed Ijyb
  3323 | D:5      | Reached skill level 8 in Spellcasting
  3323 | D:5      | Reached XP level 9. HP: 56/59 MP: 0/0
  3323 | D:5      | Learned a level 4 spell: Sticky Flame
  3369 | D:5      | Found a broken altar of Ashenzari.
  3369 | D:5      | Found a glowing silver altar of Zin.
  3375 | D:5      | Became a worshipper of Ashenzari the Shackled
  3682 | D:5      | Found a hide-covered altar of Uskayaw.
  3682 | D:5      | Found an iron altar of Okawaru.
  3924 | D:6      | Reached skill level 9 in Spellcasting
  4004 | D:6      | Found Jaakh's Firing Range.
  4234 | D:6      | Identified the +3 leather armour of Plog {Contam Rampage
                  | Stlth+}
  4401 | D:7      | Found a flagged portal.
  4428 | Bailey   | Entered a bailey
  4607 | Bailey   | Noticed an orc knight
  4607 | Bailey   | Noticed an orc knight
  4624 | Bailey   | Reached XP level 10. HP: 19/67 MP: 0/0
  4630 | Bailey   | Killed an orc knight
  4631 | Bailey   | Reached skill level 1 in Armour
  4631 | Bailey   | Reached skill level 10 in Spellcasting
  4636 | Bailey   | Identified the cursed +3 leather armour of Supernal Gnosis
                  | {rPois, Fort, Melee} (You took it off Edmund on level 4 of
                  | the Dungeon)
  4698 | Bailey   | Killed an orc knight
  4767 | Bailey   | Noticed an orc knight
  4780 | Bailey   | Killed an orc knight
  4781 | Bailey   | Reached skill level 11 in Spellcasting
  5155 | D:7      | Reached * piety under Ashenzari
  5267 | D:7      | Noticed Joseph
  5272 | D:7      | Killed Joseph
  5376 | D:7      | Identified the +2 hand axe "Ziruw" {holy, Int+5}
  5381 | D:7      | Found the +5 woodcutter's axe
  5724 | D:8      | Identified a scroll of acquirement
  5730 | D:8      | Acquired the ring of Tiunk {rC+ EV+5 Str+5 Dex-2}
  5817 | D:8      | Reached XP level 11. HP: 68/74 MP: 0/0
  5817 | D:8      | Learned a level 5 spell: Yara's Violent Unravelling
  5818 | D:8      | Reached ** piety under Ashenzari
  5847 | D:8      | Noticed a boulder beetle
  5972 | D:8      | Noticed Pikel
  5981 | D:8      | Killed Pikel
  5982 | D:8      | Reached skill level 5 in Fighting
  6104 | D:8      | Reached skill level 12 in Spellcasting
  6104 | D:8      | Found a basalt altar of Yredelemnul.
  6116 | D:8      | Reached skill level 1 in Shields
  6276 | D:8      | Slain by a yak

Illustrated notes

Levels and vault maps discovered:
D:1:      saegor_arrival_miasma, layout_basic, serial_bayou_pond_c,
          hangedman_abyss_or_decor_lesser_grid, minmay_distorted
D:2:      layout_loops_corners, palyth_stone_intersect
D:3:      layout_loops_ring, ebering_ghost_sewer_d, minmay_misc_feat_cross,
          uniq_terence
D:4:      layout_cave_pools, tgw_xom, minmay_temple_entry_crystal_x,
          gammafunk_ghost_icy, chequers_serial_rivers_marsh, minivault_11,
          uniq_sigmund, uniq_edmund
D:5:      layout_basic, nicolae_overflow_hidden_temple,
          gammafunk_temple_overflow_statue, uniq_ijyb
D:6:      layout_cave_pools, nicolae_shop_firing_range
D:7:      layout_loops_cross, mainiacjoe_overflow_small_starburst,
          lightli_bailey_entry_fortress, pf_guarded_unrand_woodcutter,
          uniq_joseph
D:8:      nicolae_cairo_tiling_very_big, layout_loops_ring,
          fedhas_altar_fruit_tree, mainiacjoe_overflow_chevrons,
          lemuel_mausoleum_altar_yredelemnul, kennysheep_opposing_triangles,
          uniq_pikel
Temple:   hellmonk_temple_beads

Skill      XL: |  1  2  3  4  5  6  7  8  9 10 11 |
---------------+----------------------------------+-----
Spellcasting   | 3 4 5 6 8 9 11 12 | 12.1
Fighting       | 1 2 3 4 5 |  5.7
Armour         | 1 2 |  2.0
Shields        | 1 |  1.3
Dodging        | |  2.8
Stealth        | |  1.5

Action                     |  1- 3 |  4- 6 |  7- 9 | 10-12 || total
---------------------------+-------+-------+-------+-------++-------
  Melee: Unarmed           |       |     1 |       |       ||     1
         Spear             |       |       |       |     5 ||     5
   Cast: Foxfire           |    39 |       |       |       ||    39
         Scorch            |    20 |    61 |   201 |   171 ||   453
         Searing Ray       |       |       |     2 |     3 ||     5
         Flame Wave        |       |       |       |     1 ||     1
 Invoke: Curse Item        |       |       |     1 |     3 ||     4
         Shatter the Chain |       |       |       |     1 ||     1
    Use: Scroll            |     6 |     3 |     2 |     5 ||    16
         Potion            |       |     1 |     4 |     4 ||     9
 Armour: Robe              |     1 |     1 |       |       ||     2
         Leather armour    |       |       |    25 |    21 ||    46
         Skin              |       |       |    19 |     4 ||    23
  Dodge: Dodged            |     3 |    15 |    31 |    22 ||    71
  Block: Tower shield      |       |       |       |    67 ||    67
         Reflection        |       |       |       |     4 ||     4
